 Dungeon Crawl Stone Soup version 0.30-a0-359-gd0147acb1a (webtiles) character file.

Game seed: 17217430457036191446

1612 Manisian the Covert (level 8, -24/37 HPs)
             Began as a Spriggan Enchanter on Nov 10, 2022.
             Annihilated by an ogre
             ... wielding a +0 giant spiked club
              (36 damage)
             ... on level 6 of the Dungeon on Nov 13, 2022.
             The game lasted 00:10:02 (5789 turns).

Manisian the Covert (Spriggan Enchanter)            Turns: 5789, Time: 00:10:03

Health: -24/37     AC:  3    Str:  4    XL:     8   Next: 63%
Magic:  13/16      EV: 25    Int: 16    God:
Gold:   317        SH:  0    Dex: 24    Spells: 9/17 levels left

rFire   . . .      SeeInvis +    a - +3 dagger (freeze)
rCold   . . .      Faith    .    (no shield)
rNeg    . . .      Spirit   .    b - +1 robe
rPois   .          Reflect  .    (helmet restricted)
rElec   .          Harm     .    (no cloak)
rCorr   .          Rampage  .    (gloves unavailable)
Will    +....                    (boots unavailable)
Stlth   ++++......               (no amulet)
HPRegen 0.26/turn                f - ring of the Cicada {Dex+6 Slay+4}
MPRegen 0.15/turn                e - +4 ring of evasion

@: very quick
A: very small, no large weapons, unfitting armour, see invisible, speed 3
a: no special abilities


You were on level 6 of the Dungeon.
You visited 1 branch of the dungeon, and saw 7 of its levels.

You collected 317 gold pieces.

Inventory:

Hand Weapons
 a - a +3 dagger of freezing (weapon)
Missiles
 h - 15 poisoned darts
 s - a throwing net
Armour
 b - a +1 robe (worn)
Jewellery
 e - a +4 ring of evasion (right hand)
 f - the ring of the Cicada (left hand) {Dex+6 Slay+4}
   (You found it on level 4 of the Dungeon)

   [ring of dexterity]

   Dex:       It affects your dexterity (+6).
   Slay:      It affects your accuracy & damage with ranged weapons and melee
   (+4).
 g - a ring of resist corrosion
 r - a ring of willpower
 u - a +4 ring of slaying
 w - a ring of flight
Wands
 m - a wand of charming (13)
Scrolls
 c - a scroll of identify
 v - a scroll of teleportation
Potions
 d - 2 potions of lignification
 i - a potion of might
 j - a potion of brilliance {unknown}
 k - a potion of haste {unknown}
 l - 3 potions of flight {unknown}
 n - 3 potions of attraction
 o - a potion of degeneration {unknown}
 p - a potion of curing {unknown}
 q - 2 potions of heal wounds
 t - a potion of magic {unknown}


   Skills:
 + Level 1.3 Fighting
 * Level 7.2 Short Blades
 + Level 4.7 Dodging
 - Level 8.0 Stealth
 - Level 5.0 Spellcasting
 + Level 6.9 Hexes
 - Level 2.0 Ice Magic


You had 9 spell levels left.
You knew the following spells:

 Your Spells              Type           Power      Damage    Failure   Level
a - Ensorcelled Hibernat  Hex/Ice        36%        N/A       3%          2
b - Confusing Touch       Hex            26%        N/A       2%          3
c - Dazzling Flash        Conj/Hex       30%        N/A       11%         3

Your spell library contained the following spells:

 Spells                   Type           Power      Damage    Failure   Level
 Tukima's Dance           Hex            26%        N/A       2%          3
 Freeze                   Ice            40%        1d6       7%          1
 Magic Dart               Conj           16%        1d3       16%         1
 Sting                    Tmut/Pois      16%        1d3       16%         1
 Frozen Ramparts          Ice            20%        1d4       21%         3
 Call Imp                 Summ           4%         N/A       22%         2
 Poisonous Vapours        Pois/Air       8%         N/A       22%         2
 Hailstorm                Conj/Ice       7%         3d4       30%         3
 Mephitic Cloud           Conj/Pois/Air  4%         N/A       41%         3
 Ice Form                 Ice/Tmut       7%         N/A       69%         4
 Olgreb's Toxic Radiance  Pois           4%         N/A       83%         4
 Simulacrum               Ice/Necr       3%         N/A       100%        6


Dungeon Overview and Level Annotations

Branches:
Dungeon (7/15)
 Temple: D:4-7

Altars:
Gozag
Kikubaaqudgha
Xom
Yredelemnul
The Shining One

Shops:
D:5 ?


Innate Abilities, Weirdness & Mutations

You are very small and have problems with some larger weapons.
You are too small for most types of armour.
You have supernaturally acute eyesight. (SInv)
You cover ground extremely quickly. (Speed+++)


Message History

Aiming: Ensorcelled Hibernation (safe; 3% risk of failure)
Press: ? - help, Shift-Dir - straight line, f - orc
Aim: an orc, wielding a +0 whip and quivering boomerangs (chance to affect: 68%)
The orc looks drowsy...
The orc misses you.
Casting: Ensorcelled Hibernation (safe; 3% risk of failure)
Confirm with . or Enter, or press ? or * to list all spells.
Aiming: Ensorcelled Hibernation (safe; 3% risk of failure)
Press: ? - help, Shift-Dir - straight line, f - orc, p - orc
Aim: an orc, wielding a +0 dagger and wearing a +0 leather armour (chance to affect: 68%)
The orc struggles to resist.
The orc hits you with a +0 dagger.
The orc shouts!
You closely miss the orc. The orc hits you but does no damage.
The orc closely misses you.
You hit the orc. You freeze the orc.
The orc is heavily wounded.
You puncture the orc! You freeze the orc.
You kill the orc!
The orc hits you with a +0 dagger.
You closely miss the orc. The orc misses you.
You barely miss the orc. You hit the orc. You freeze the orc.
The orc is moderately wounded.
The orc closely misses you.
You barely miss the orc.
The orc is moderately wounded.
You puncture the orc! You freeze the orc.
You kill the orc!
No target in view!
You climb upwards.
The ogre hits you with a +0 giant spiked club!!
Ouch! That really hurt!
The white imp gestures at you. The puff of frost hits you.
* * * LOW HITPOINT WARNING * * *
The howler monkey completely misses you.
There is a stone staircase leading down here.
The howler monkey completely misses you.
The ogre hits you with a +0 giant spiked club!!!
Ouch! That really hurt!
You die...

.#.# .#. #5) ##
..##...
#####...o.
#.#.......#
#.........#.##
#)...h@.......
......OYO.##.#.
##[..........
#[.......##...
#......... .#
#........)# .
..........(.
##.......#..?


You could see a sky beast, 2 ogres, a howler monkey, an orc wizard (invisible)
and a white imp.

Vanquished Creatures
  Menkaure (D:7)
  A water moccasin (D:7)
  An ice beast (D:5)
  A black bear (D:7)
  2 sky beasts (D:7)
  A phantom (D:5)
  A bullfrog (D:7)
  3 scorpions (D:4)
  3 wights (D:7)
  3 hounds
  An orc priest (D:7)
  2 jellies (D:7)
  4 iguanas
  Robin (D:3)
  6 gnolls
  8 adders
  A worm (D:3)
  16 orcs
  4 ball pythons
  5 endoplasms
  2 giant cockroaches
  9 goblins
  17 hobgoblins
  4 jackals (D:4)
  8 kobolds
  2 quokkas
  8 bats
  3 frilled lizards
  5 rats
123 creatures vanquished.

Notes
Turn   | Place    | Note
-------+----------+-------------------------------------------
     0 | D:1      | Manisian the Spriggan Enchanter began the quest for the
                  | Orb.
     0 | D:1      | Reached XP level 1. HP: 9/9 MP: 5/5
    69 | D:1      | Upgraded the game from 0.30-a0-358-g0d69a1922f to
                  | 0.30-a0-359-gd0147acb1a
   183 | D:1      | Reached XP level 2. HP: 13/13 MP: 6/6
   555 | D:1      | Reached skill level 5 in Stealth
   946 | D:1      | Learned a level 2 spell: Ensorcelled Hibernation
  1194 | D:2      | Found an ancient bone altar of Kikubaaqudgha.
  1315 | D:2      | Reached XP level 3. HP: 16/16 MP: 3/8
  1803 | D:3      | Learned a level 3 spell: Confusing Touch
  1842 | D:3      | Identified the +0 leather armour of Ewaatem {-Tele rF+ rC++
                  | Regen+}
  2007 | D:3      | Reached XP level 4. HP: 21/21 MP: 4/9
  2301 | D:3      | Noticed Robin
  2337 | D:3      | Killed Robin
  2752 | D:3      | Found a basalt altar of Yredelemnul.
  2789 | D:3      | Reached skill level 1 in Ice Magic
  3050 | D:4      | Reached XP level 5. HP: 25/25 MP: 11/11
  3054 | D:4      | Learned a level 3 spell: Dazzling Flash
  3078 | D:4      | Found an opulent altar of Gozag.
  3322 | D:4      | Identified the ring of the Cicada {Dex+6 Slay+4}
  3335 | D:4      | Reached XP level 6. HP: 29/29 MP: 1/12
  3452 | D:4      | Reached skill level 6 in Stealth
  3638 | D:4      | Reached skill level 5 in Hexes
  3655 | D:4      | Found a shimmering altar of Xom.
  3950 | D:4      | Found a glowing golden altar of the Shining One.
  4096 | D:5      | Entered Level 5 of the Dungeon
  4131 | D:5      | Reached skill level 7 in Stealth
  4131 | D:5      | Reached XP level 7. HP: 22/32 MP: 9/14
  4341 | D:5      | Found Ivvadyon's Magic Scroll Boutique.
  4376 | D:5      | You fall into a shaft and drop 2 floors!
  4468 | D:7      | Reached skill level 5 in Short Blades
  4473 | D:6      | Noticed a vampire
  4630 | D:7      | Reached skill level 8 in Stealth
  4678 | D:7      | Reached skill level 5 in Spellcasting
  4680 | D:7      | Noticed Menkaure
  4685 | D:7      | Killed Menkaure
  4686 | D:7      | Reached XP level 8. HP: 37/37 MP: 16/16
  4773 | D:7      | Reached skill level 1 in Fighting
  5789 | D:6      | Annihilated by an ogre

Illustrated notes

Levels and vault maps discovered:
D:1:      sevenhm_arrival_forest_fort_large_4, layout_basic
D:2:      layout_basic, basic_altar
D:3:      layout_loops_corners, marbit_many_paths, uniq_robin
D:4:      layout_basic, mainiacjoe_overflow_paths, mainiacjoe_overflow_brackets,
          tso_altar
D:5:      minmay_razor_zed, layout_basic, serial_shops, shop
D:6:      layout_rooms, nicolae_overflow_two_pavilions,
          minmay_temple_entry_ruins, serial_shops, shop, chequers_avenue
D:7:      layout_layer_cave, uniq_menkaure

Skill      XL: |  1  2  3  4  5  6  7  8 |
---------------+-------------------------+-----
Stealth        | 5 7 8 |  8.0
Hexes          | 4 5 6 |  6.9
Spellcasting   | 3 4 5 |  5.0
Dodging        | 3 4 |  4.7
Short Blades   | 2 3 4 6 7 |  7.2
Ice Magic      | 1 2 |  2.0
Fighting       | 1 |  1.3

Action                   |  1- 3 |  4- 6 |  7- 9 || total
-------------------------+-------+-------+-------++-------
Melee: Dagger            |    73 |   126 |    69 ||   268
       Punch             |     1 |     1 |       ||     2
 Cast: Ensorcelled Hiber |    13 |    34 |    21 ||    68
       Confusing Touch   |       |     1 |     3 ||     4
       Dazzling Flash    |       |       |     1 ||     1
  Use: Scroll            |     5 |     6 |     3 ||    14
       Potion            |       |     3 |       ||     3
 Stab: Sleeping          |    21 |    36 |    14 ||    71
       Invisible         |       |     8 |     2 ||    10
       Confused          |       |     1 |     3 ||     4
Armor: Robe              |     6 |     6 |     4 ||    16
Dodge: Dodged            |    51 |   129 |    52 ||   232

Table legend: (Time is in decaauts)
 A = Elapsed time spent in this place.
 B = Non-inter-level travel time spent in this place.
 C = Inter-level travel time spent in this place.
 D = Time resting spent in this place.
 E = Time spent auto-exploring this place.
 F = Levels seen in this place.
 G = Mean time per level.
                   A        B        C        D        E       F      G
               +--------+--------+--------+--------+--------+-----+--------+
         Total |   4168 |   4061 |    107 |     31 |   3325 |   7 |  595.4 |
       Dungeon |   4168 |   4061 |    107 |     31 |   3325 |   7 |  595.4 |
               +--------+--------+--------+--------+--------+-----+--------+

Top non-repeatable levels by time:
     D:7: 994 daAuts
     D:3: 940 daAuts
     D:4: 829 daAuts
     D:1: 654 daAuts
     D:2: 529 daAuts
     D:5: 215 daAuts
     D:6: 5 daAuts
